 Dungeon Crawl Stone Soup version 0.25.0-45-g978344163c (webtiles) character file.

Game seed: 4060935009104555259

903 funkygono the Destroyer (level 7, -3/36 HPs)
             Began as a Deep Elf Conjurer on July 12, 2020.
             Was a Follower of Vehumet.
             Killed by nerve-wracking pain
             ... invoked by an orc priest
              (13 damage)
             ... on level 4 of the Dungeon.
             The game lasted 00:11:45 (4865 turns).

funkygono the Destroyer (Deep Elf Conjurer)         Turns: 4865, Time: 00:11:45

Health: -3/36      AC: 10    Str:  7    XL:     7   Next: 80%
Magic:  13/22      EV: 13    Int: 20    God:    Vehumet [*.....]
Gold:   210        SH:  0    Dex: 15    Spells: 2/12 levels left

rFire    + . .     SeeInvis .   e - +2 dagger (venom)
rCold    + . .     Gourm    .   (no shield)
rNeg     . . .     Faith    +   b - +2 robe {rC+ rF+}
rPois    .         Spirit   .   (no helmet)
rElec    .         Reflect  .   (no cloak)
rCorr    .         Harm     .   k - +1 pair of gloves
MR       .....                  (no boots)
Stlth    ++........             m - amulet of faith
HPRegen  0.12/turn              j - +4 ring of protection
MPRegen  0.18/turn              i - ring of magical power

@: no status effects
A: no striking features
a: Renounce Religion


You were on level 4 of the Dungeon.
You worshipped Vehumet.
Vehumet was aware of your devotion.
You were hungry.

You visited 1 branch of the dungeon, and saw 5 of its levels.

You collected 210 gold pieces.

Inventory:

Hand Weapons
 e - a +2 dagger of venom (weapon)
 g - a +3 whip
Armour
 b - a +2 robe of resistance (worn)
 k - a +1 pair of gloves (worn)
Jewellery
 f - a +4 ring of evasion
 i - a ring of magical power (right hand)
 j - a +4 ring of protection (left hand)
 m - an amulet of faith (around neck)
Wands
 o - a wand of iceblast (7)
 s - a wand of acid (8)
Scrolls
 l - a scroll of fog
 u - a scroll of amnesia
Potions
 d - 3 potions of heal wounds
 h - a potion of mutation
 p - 2 potions of magic
 q - a potion of lignification
Comestibles
 c - 7 rations


   Skills:
 - Level 2.4 Dodging
 - Level 2.4 Stealth
 - Level 3.0 Spellcasting
 * Level 10.2 Conjurations
 * Level 2.7 Translocations


You had 2 spell levels left.
You knew the following spells:

 Your Spells              Type           Power        Failure   Level  Hunger
a - Magic Dart            Conj           ####         1%          1    None
b - Searing Ray           Conj           #####.       1%          2    ##.....
c - Iskenderun's Mystic   Conj/Tloc      ####....     10%         4    ####...
d - Dazzling Flash        Conj/Hex       ###...       5%          3    ###....

Your spell library contained the following spells:

 Spells                   Type           Power        Failure   Level  Hunger
 Sandblast                Erth           #.....       14%         1    None
 Fulminant Prism          Conj/Hex       ###.......   17%         4    ####...


Dungeon Overview and Level Annotations

Branches:
Dungeon (5/15)
 Temple: D:4-7

Altars:
Elyvilon
Qazlal
Vehumet
Xom


Message History

You see here a potion of heal wounds.
The orc priest mumbles some strange prayers to Beogh against you.
Beogh smites you!
* * * LOW HITPOINT WARNING * * *
There is an open door here.
You close the door.
An orc priest opens the door.
Casting: Magic Dart (safe; 1% risk of failure)
Confirm with . or Enter, or press ? or * to list all spells.
Aiming: Searing Ray (safe; 1% risk of failure)
Press: ? - help, Shift-Dir - straight line, f/p - orc priest
Aim: an orc priest, wielding a +0 flail and wearing a +0 chain mail The searing ray misses the orc priest. (Press . to maintain the ray.)
The orc priest begins to cast a cantrip, but forgets the words!
The searing ray hits the orc priest!
The orc priest is heavily wounded.
The orc priest mumbles some strange prayers to Beogh against you.
Pain shoots through your body!
You die...

#.....# #..............
#.....# #.#####.##.####
#.....# #.# #..#.# #
#.....# #.# ##.#.# #
#.....###### #.# #.#.####
####.......# #.# #...##..
#.......# #.#######..##..
#.......####...........#..
#......o'@..########[..#..
#.......###.# #...#..
#...!....<#.# #...#..
......).....###.# #...#..
..)...###+#.# #.## ###
##..#.. ......
#'###......# #>.#.. ....^
........##.# #..### .....
........##.# #..... ....
........##.# #.(..#


You could see an orc priest.

Vanquished Creatures
  Grinder (D:3)
  A phantom (D:4)
  A sky beast (D:5)
  A howler monkey (D:4)
  An orc priest (D:4)
  3 hounds
  An iguana (D:4)
  2 worker ants (D:5)
  4 gnolls (D:3)
  13 adders
  3 oozes
  3 worms
  A dart slug (D:2)
  3 leopard geckos
  13 orcs
  A ball python (D:3)
  3 giant cockroaches
  4 goblins
  6 hobgoblins
  10 jackals
  2 quokkas (D:3)
  10 bats
  7 frilled lizards
  8 kobolds
  2 rats (D:1)
104 creatures vanquished.

Notes
Turn   | Place    | Note
-------+----------+-------------------------------------------
     0 | D:1      | funkygono the Deep Elf Conjurer began the quest for the
                  | Orb.
     0 | D:1      | Reached XP level 1. HP: 10/10 MP: 6/6
   150 | D:1      | Reached XP level 2. HP: 15/15 MP: 4/8
   152 | D:1      | Reached skill level 5 in Conjurations
   156 | D:1      | Learned a level 2 spell: Searing Ray
   805 | D:2      | Reached XP level 3. HP: 15/19 MP: 6/9
   924 | D:2      | Found a stormy altar of Qazlal.
  1202 | D:2      | Reached skill level 6 in Conjurations
  1324 | D:2      | Reached XP level 4. HP: 24/24 MP: 4/10
  1601 | D:2      | Learned a level 4 spell: Iskenderun's Mystic Blast
  2189 | D:3      | Found a shimmering altar of Xom.
  2430 | D:3      | Reached XP level 5. HP: 28/28 MP: 11/11
  2437 | D:3      | Reached skill level 7 in Conjurations
  2552 | D:3      | Found a white marble altar of Elyvilon.
  2669 | D:3      | Reached skill level 1 in Translocations
  2671 | D:3      | Noticed Grinder
  2761 | D:3      | Killed Grinder
  2761 | D:3      | Reached skill level 8 in Conjurations
  2761 | D:3      | Reached XP level 6. HP: 22/32 MP: 9/12
  3166 | D:3      | Learned a level 3 spell: Dazzling Flash
  3205 | D:4      | Found a radiant altar of Vehumet.
  3218 | D:4      | Became a worshipper of Vehumet
  3400 | D:4      | Reached skill level 9 in Conjurations
  3400 | D:4      | Reached XP level 7. HP: 29/36 MP: 12/13
  3528 | D:4      | You fall into a shaft and drop 1 floor!
  3528 | D:5      | Entered Level 5 of the Dungeon
  4484 | D:5      | Reached * piety under Vehumet
  4484 | D:5      | Offered knowledge of Sandblast by Vehumet.
  4484 | D:5      | Reached skill level 10 in Conjurations
  4865 | D:4      | Killed from afar by an orc priest

Illustrated notes

Levels and vault maps discovered:
D:1:      shiori_arrival_maze, layout_rooms
D:2:      layout_basic, nicolae_qazlal_general_emergency
D:3:      layout_rooms, lemuel_round_altar, xom_teletrap_fun, uniq_grinder
D:4:      layout_basic, lemuel_doored_altar, vehumet_crystals
D:5:      layout_loops_corners, first_ration

Skill      XL: |  1  2  3  4  5  6  7 |
---------------+----------------------+-----
Conjurations   | 5 6 8 9 10 | 10.2
Translocations | 1 2 |  2.7
Dodging        | |  2.4
Stealth        | |  2.4
Spellcasting   | |  3.0

Action                   |  1- 3 |  4- 6 |  7- 9 || total
-------------------------+-------+-------+-------++-------
Melee: Dagger            |       |     1 |     1 ||     2
 Cast: Magic Dart        |    62 |    98 |    68 ||   228
       Searing Ray       |     3 |     9 |     8 ||    20
       Dazzling Flash    |       |       |     1 ||     1
  Use: Scroll            |       |     8 |     6 ||    14
  Eat: Chunk             |     1 |     7 |     4 ||    12
Armor: Robe              |     1 |     8 |     3 ||    12
Dodge: Dodged            |     6 |    29 |     3 ||    38
